 Dungeon Crawl Stone Soup version 0.29.0-4-gdea44cf6ec (webtiles) character file.

Game seed: 13148669391031583849

112 qw the Chopper (level 4, -5/26 HPs)
             Began as a Tengu Warper on Aug 28, 2022.
             Succumbed to a scorpion's poison
             ... on level 3 of the Dungeon.
             The game lasted 00:00:14 (2497 turns).

qw the Chopper (Tengu Warper)                       Turns: 2497, Time: 00:00:14

Health: -5/26      AC:  6    Str: 14    XL:     4   Next: 93%
Magic:  8/8        EV:  9    Int: 13    God:
Gold:   108        SH:  0    Dex: 13    Spells: 7/7 levels left

rFire   . . .      SeeInvis .   Y - +2 hand axe
rCold   . . .      Faith    .   (no shield)
rNeg    . . .      Spirit   .   d - +0 scale mail
rPois   .          Reflect  .   (helmet restricted)
rElec   .          Harm     .   (no cloak)
rCorr   .          Rampage  .   (no gloves)
Will    .....                   (boots unavailable)
Stlth   ..........              (no amulet)
HPRegen 0.08/turn               (no ring)
MPRegen 0.11/turn               (no ring)

@: lethally poisoned (-5 -> -36)
A: beak, talons 3
a: no special abilities


You were on level 3 of the Dungeon.
You visited 1 branch of the dungeon, and saw 3 of its levels.

You collected 108 gold pieces.


Innate Abilities, Weirdness & Mutations

You have a beak for a mouth.
You have claws for feet.


   Skills:
 - Level 2.0 Fighting
 + Level 5.4 Axes
 - Level 1.0 Throwing
 - Level 1.1 Armour
 - Level 2.1 Dodging
 - Level 2.0 Spellcasting
 - Level 2.4 Translocations


You had 7 spell levels left.
You didn't know any spells.
Your spell library contained the following spells:

 Spells                   Type           Power      Damage    Failure   Level
 Blink                    Tloc           14%        N/A       54%         2
 Gell's Gravitas          Tloc           7%         N/A       77%         3
 Lesser Beckoning         Tloc           7%         N/A       77%         3
 Teleport Other           Tloc           7%         N/A       77%         3
 Manifold Assault         Tloc           7%         N/A       100%        5

Inventory:

Hand Weapons
 f - a +0 flail
 Y - a +2 hand axe (weapon)
Armour
 d - a +0 scale mail (worn)
Scrolls
 b - a scroll of identify
Potions
 c - a potion of brilliance {unknown}
 i - 2 potions of curing
 k - a potion of might {unknown}

Dungeon Overview and Level Annotations

Branches:
Dungeon (3/15)

Altars:


Message History

The scorpion is moderately wounded.
You feel very sick.
The scorpion stings you but does no damage.
You hit the scorpion but do no damage. Your kick misses the scorpion.
You peck the scorpion, but do no damage.
The scorpion is lightly wounded.
You feel sick. The scorpion barely misses you.
The scorpion stings you but does no damage.
You barely miss the scorpion. Your kick misses the scorpion.
Your peck misses the scorpion.
The scorpion is lightly wounded.
You feel sick. The scorpion stings you.
You are lethally poisoned!
The scorpion poisons you!
2493 ||| DRINKING potion of heal wounds.
You feel much better.
You feel very sick.
The scorpion stings you but does no damage.
You closely miss the scorpion.
The scorpion is lightly wounded.
You feel very sick. The scorpion stings you.
You are lethally poisoned!
The scorpion poisons you! The scorpion closely misses you.
You closely miss the scorpion. Your kick misses the scorpion.
The scorpion is lightly wounded.
You feel very sick. The scorpion stings you.
You are more poisoned.
The scorpion poisons you!
You closely miss the scorpion.
You claw the scorpion, but do no damage.
The scorpion is lightly wounded.
You feel extremely sick. The scorpion stings you.
You are more poisoned.
The scorpion poisons you!
You barely miss the scorpion. Your kick misses the scorpion.
The scorpion is lightly wounded.
You die...

#........#
#.........
#........#
#........#
.........#
.........#
.......s.#
......)@.# ..
#######.#########.#
#...#.......#
#...#......#
#...#......#
#...#......#.
#...#.........
#...#........#
####........####


You could see a scorpion.

Vanquished Creatures
  5 adders
  A worm (D:2)
  2 dart slugs
  An orc (D:3)
  7 bats
  6 endoplasms
  3 giant cockroaches
  9 hobgoblins
  3 jackals (D:1)
  A kobold (D:2)
  A quokka (D:1)
  5 ball pythons
  2 frilled lizards
  6 goblins
  2 rats (D:1)
54 creatures vanquished.

Notes
Turn   | Place    | Note
-------+----------+-------------------------------------------
     0 | D:1      | qw the Tengu Warper began the quest for the Orb.
     0 | D:1      | Reached XP level 1. HP: 12/12 MP: 4/4
     0 | D:1      | 0 ||| qw: Version: 0.1-a-89-g26bdef1
     0 | D:1      | 0 ||| qw: Game counter: 2437
     0 | D:1      | 0 ||| qw: Always use a shield: true
     0 | D:1      | 0 ||| qw: God list: Okawaru
     0 | D:1      | 0 ||| qw: Allow faded altars: false
     0 | D:1      | 0 ||| qw: Do Orc after D:15 true
     0 | D:1      | 0 ||| qw: Do second Lair branch before Depths: true
     0 | D:1      | 0 ||| qw: Lair rune preference: random
     0 | D:1      | 0 ||| qw: Plans: Normal
     0 | D:1      | 0 ||| PLANNING D:1-11
   142 | D:1      | 142 ||| Stepping ~*~*~tactically~*~*~ (hiding).
   154 | D:1      | Reached skill level 3 in Axes
   154 | D:1      | Reached XP level 2. HP: 10/17 MP: 6/6
   801 | D:1      | Reached XP level 3. HP: 21/21 MP: 7/7
   978 | D:1      | Reached skill level 4 in Axes
   988 | D:1      | 988 ||| UPGRADING to +0 scale mail.
   998 | D:1      | 998 ||| DROPPING +0 leather armour.
   999 | D:1      | 999 ||| READING scroll labelled AFESEFR VIAVAMP.
  1000 | D:1      | 1000 ||| READING scroll labelled UDILLO ESACRI.
  1001 | D:1      | 1001 ||| READING scroll labelled AWNIKUSIAR.
  1002 | D:1      | 1002 ||| DRINKING 2 golden potions.
  1003 | D:1      | 1003 ||| DROPPING scroll of blinking.
  1251 | D:2      | 1251 ||| READING scroll of enchant weapon.
  1251 | D:2      | 1251 ||| ENCHANTING +1 hand axe.
  1309 | D:2      | Reached XP level 4. HP: 26/26 MP: 8/8
  1389 | D:2      | 1389 ||| FLEEEEING.
  1390 | D:2      | 1390 ||| FLEEEEING.
  1405 | D:2      | 1405 ||| FLEEEEING.
  1406 | D:2      | 1406 ||| FLEEEEING.
  1413 | D:2      | 1413 ||| FLEEEEING.
  1414 | D:2      | 1414 ||| FLEEEEING.
  1415 | D:2      | 1415 ||| FLEEEEING.
  1416 | D:2      | 1416 ||| FLEEEEING.
  2196 | D:2      | Reached skill level 5 in Axes
  2296 | D:2      | 2296 ||| READING scroll labelled WISEOKIARGH.
  2297 | D:2      | 2297 ||| READING 2 scrolls labelled WIAJEV VIUCI.
  2298 | D:2      | 2298 ||| DRINKING 3 smoky silvery potions.
  2343 | D:3      | 2343 ||| Stepping ~*~*~tactically~*~*~ (stealth).
  2344 | D:3      | 2344 ||| Stepping ~*~*~tactically~*~*~ (stealth).
  2345 | D:3      | 2345 ||| Stepping ~*~*~tactically~*~*~ (stealth).
  2346 | D:3      | 2346 ||| STAIRDANCE
  2361 | D:3      | 2361 ||| Stepping ~*~*~tactically~*~*~ (stealth).
  2363 | D:3      | 2363 ||| Stepping ~*~*~tactically~*~*~ (stealth).
  2379 | D:3      | 2379 ||| Stepping ~*~*~tactically~*~*~ (stealth).
  2482 | D:3      | Noticed a scorpion
  2492 | D:3      | HP: 6/26 [poisoned by a scorpion]
  2493 | D:3      | 2493 ||| DRINKING potion of heal wounds.
  2496 | D:3      | HP: 1/26 [scorpion (2)]
  2497 | D:3      | Succumbed to a scorpion's poison

Levels and vault maps discovered:
D:1:      nzn_arrival_crosshair, layout_basic
D:2:      layout_basic
D:3:      layout_rooms, hellmonk_ecumenical_altar_lost_god, minmay_bisected

Skill      XL: |  1  2  3  4 |
---------------+-------------+-----
Axes           | 3 4 5 |  5.4
Fighting       | |  2.0
Throwing       | |  1.0
Armour         | |  1.1
Dodging        | |  2.1
Spellcasting   | |  2.0
Translocations | |  2.4

Action                   |  1- 3 |  4- 6 || total
-------------------------+-------+-------++-------
Melee: Hand axe          |    73 |    49 ||   122
       Peck              |     8 |     6 ||    14
       Kick              |    13 |    13 ||    26
Throw: Boomerang         |     7 |       ||     7
  Use: Scroll            |     4 |     2 ||     6
       Potion            |     1 |     2 ||     3
Armor: Leather armour    |    15 |       ||    15
       Scale mail        |     4 |    16 ||    20
Dodge: Dodged            |    43 |    15 ||    58

Table legend:
 A = Non-vault XP
 B = Vault XP
 C = Vault XP percentage of total XP
 D = Non-vault monster count
 E = Vault monster count
 F = Vault count percentage of total count
                 A         B        C        D         E       F
            +---------+---------+-------+---------+---------+-------
      Total |     158 |       2 |   1.2 |      52 |       2 |   3.7
            +---------+---------+-------+---------+---------+-------
        D:1 |      45 |       0 |   0.0 |      25 |       0 |   0.0
        D:2 |      69 |       1 |   1.4 |      16 |       1 |   5.9
        D:3 |      44 |       1 |   2.2 |      11 |       1 |   8.3
            +---------+---------+-------+---------+---------+-------
